cohdb
Replays
Latest Replays
All Replays
Popular Replays
Top Player Replays
Match Explorer
How It Works
Community
CoH3 Stats
Reddit
Sign in to upload your games and track your stats! →
Sign in with Steam
Match 46452163
Unlisted
Match 46452163
Overview
Messages
Build Orders
End
Pioneer Squad
Construct Infanterie Kompanie
Selects Luftwaffe Battlegroup
MG 42 Machine Gun Team
MG 42 Machine Gun Team
MG 42 Machine Gun Team
Selects Reconnaissance Run
Construct Panzergrenadier Kompanie
Panzergrenadier Squad
Medical Station
Reconnaissance Run
Pak 40 Anti-tank Gun Team
Panzergrenadier Squad
Angrybirds
Xufe
ProxyFox
leto
0
0
Comments
sign in to comment!
No comments posted yet!